 Dungeon Crawl Stone Soup version 0.30-a0-1066-g63dfefce0d (webtiles) character file.

Game seed: 4470691811820260471

123631 Zeldest the Placeless Spriggan (level 16, -29/81 HPs)
             Began as a Spriggan Hexslinger on Apr 13, 2023.
             Was a High Priest of Ashenzari.
             Annihilated by an alligator snapping turtle (39 damage)
             ... on level 4 of the Shoals.
             The game lasted 01:59:50 (34747 turns).

Zeldest the Placeless Spriggan (SpHs)              Turns: 34747, Time: 01:59:51

Health: -29/81     AC:  4    Str:  6    XL:     16   Next: 37%
Magic:  25/35      EV: 26    Int: 31    God:    Ashenzari [*****.]
Gold:   1844       SH:  0    Dex: 16    Spells: 1/43 levels left

rFire   + + .      SeeInvis +    a - +9 rapier "Repose of Ashenzari" {speed, Bglg, Self} (curse)
rCold   + . .      Faith    .    S - orb of the Omniscient Shame {mayhem, Elem, Self} (curse)
rNeg    . . .      Spirit   .    c - +2 robe of Desmomancy {rC+ rF+, Alch, Melee} (curse)
rPois   .          Reflect  .    (helmet restricted)
rElec   .          Rampage  .    s - scarf "Shackled With Me" {+Inv, Alch, Range} (curse)
rCorr   .          Clarity  +    (gloves unavailable)
Will    ++...                    (boots unavailable)
Stlth   +++++                    P - amulet "Thunder Perfect Mind" {Regen+, Elem, Alch} (curse)
HPRegen 1.13/turn                i - ring "At What Cost Knowledge?" {Int+6, Evo, Range} (curse)
MPRegen 0.24/turn                G - ring "Jealousy of Ashenzari" {Fly rF+ Int+3 Slay+4, Elem, Self} (curse)

@: radiating poison, flying, very quick
A: very small, no large weapons, unfitting armour, see invisible, speed 3
a: Renounce Religion, Evoke Invisibility, Curse Item, Shatter the Chains


You were on level 4 of the Shoals.
You worshipped Ashenzari.
Ashenzari was extremely pleased with you.
You visited 6 branches of the dungeon, and saw 25 of its levels.
You also visited: Bailey and Gauntlet.

You collected 4004 gold pieces.
You spent 2160 gold pieces at shops.

Inventory:

Hand Weapons
 a - the cursed +9 rapier "Repose of Ashenzari" (weapon) {speed, Bglg, Self}
   (You found it on level 4 of the Dungeon)

   It has a curse which improves the following skills: Beguiling: Conjurations,
   Hexes and Translocations.
   Introspection: Fighting and Spellcasting.
Missiles
 l - 2 throwing nets
Armour
 c - the cursed +2 robe of Desmomancy (worn) {rC+ rF+, Alch, Melee}
   (You took it off an orc sorcerer on level 2 of the Orcish Mines)

   It has a curse which improves the following skills: Alchemy: Poison Magic and
   Transmutations.
   Melee Combat: Short Blades, Long Blades, Axes, Maces & Flails, Polearms,
   Staves and Unarmed Combat.
 s - the cursed scarf "Shackled With Me" (worn) {+Inv, Alch, Range}
   (You found it on level 2 of the Dungeon)

   It has a curse which improves the following skills: Alchemy: Poison Magic and
   Transmutations.
   Ranged Combat: Ranged Weapons and Throwing.
 S - the cursed orb of the Omniscient Shame (worn) {mayhem, Elem, Self}
   (You found it on level 1 of the Spider Nest)

   It has a curse which improves the following skills: Elements: Fire Magic, Ice
   Magic, Air Magic and Earth Magic.
   Introspection: Fighting and Spellcasting.
Jewellery
 i - the cursed ring "At What Cost Knowledge?" (left hand) {Int+6, Evo, Range}
   (You found it on level 5 of the Dungeon)

   [ring of intelligence]

   Int:       It affects your intelligence (+6).
   It has a curse which improves the following skills: Evocations: Evocations.
   Ranged Combat: Ranged Weapons and Throwing.
 G - the cursed ring "Jealousy of Ashenzari" (right hand) {Fly rF+ Int+3 Slay+4, Elem, Self}
   (You took it off a kobold demonologist on level 11 of the Dungeon)

   [ring of slaying]

   Int:       It affects your intelligence (+3).
   Slay:      It affects your accuracy & damage with ranged weapons and melee
   (+4).
   rF:        It protects you from fire.
   Fly:       It grants you flight.
   It has a curse which improves the following skills: Elements: Fire Magic, Ice
   Magic, Air Magic and Earth Magic.
   Introspection: Fighting and Spellcasting.
 J - a +6 ring of dexterity
 P - the cursed amulet "Thunder Perfect Mind" (around neck) {Regen+, Elem, Alch}
   (You found it on level 4 of the Lair of Beasts)

   [amulet of regeneration]

   Regen:     It increases your rate of health regeneration.
   It has a curse which improves the following skills: Elements: Fire Magic, Ice
   Magic, Air Magic and Earth Magic.
   Alchemy:   Poison Magic and Transmutations.
Wands
 v - a wand of flame (35)
 B - a wand of polymorph (16)
 D - a wand of iceblast (7)
 F - a wand of quicksilver (4)
 N - a wand of mindburst (6)
 Q - a wand of charming (2)
Scrolls
 b - 2 scrolls of torment
 d - a scroll of butterflies
 e - 9 scrolls of teleportation
 h - 9 scrolls of enchant armour
 k - 5 scrolls of immolation
 m - 14 scrolls of identify
 p - 4 scrolls of blinking
 q - 7 scrolls of noise
 t - 5 scrolls of poison
 x - a scroll of silence
 y - a scroll of magic mapping
 z - a scroll of amnesia
 E - 3 scrolls of enchant weapon
 T - a scroll of fear
 U - a scroll of brand weapon
Potions
 f - 10 potions of mutation
 g - 3 potions of might
 j - 2 potions of magic
 n - 4 potions of brilliance
 o - 7 potions of curing
 r - 9 potions of flight
 u - 4 potions of cancellation
 w - 4 potions of lignification
 A - a potion of berserk rage
 C - 5 potions of haste
 H - 4 potions of resistance
 L - a potion of attraction
Miscellaneous
 I - a tin of tremorstones (2/2)
 M - a box of beasts
 O - a lightning rod (4/4)
 R - a phantom mirror


   Skills:
 + Level 4.1(7.9) Fighting
 - Level 12.5(14.6) Short Blades
 - Level 3.6(6.4) Ranged Weapons
 + Level 13.2 Dodging
 - Level 10.2 Stealth
 - Level 10.1(14.2) Spellcasting
 - Level 7.5(9.7) Hexes
 - Level 10.0 Necromancy
 * Level 13.9(15.9) Translocations
 - Level 7.4(11.6) Transmutations
 - Level 11.4(15.5) Earth Magic
 - Level 9.1(13.2) Poison Magic
 - Level 8.1(10.3) Evocations


You had one spell level left.
You knew the following spells:

 Your Spells              Type           Power      Damage    Failure   Level
a - Olgreb's Toxic Radia  Pois           81%        N/A       1%          4
b - Dispersal             Tloc           44%        N/A       1%          6
c - Slow                  Hex            100%       N/A       1%          1
d - Disjunction           Tloc           44%        N/A       21%         8
e - Borgnjor's Vile Clut  Necr/Erth      39%        N/A       1%          5
f - Eringya's Noxious Bo  Tmut/Pois      39%        N/A       1%          6
g - Mephitic Cloud        Conj/Pois/Air  50%        N/A       1%          3
h - Statue Form           Tmut/Erth      54%        N/A       1%          6
i - Ignite Poison         Fire/Tmut/Pois 66%        N/A       1%          3

Your spell library contained the following spells:

 Spells                   Type           Power      Damage    Failure   Level
 Sting                    Tmut/Pois      100%       1d8       0%          1
 Magic Dart               Conj           92%        1d7       1%          1
 Cigotuvi's Dreadful Rot  Necr/Pois/Air  100%       N/A       1%          2
 Poisonous Vapours        Pois/Air       100%       N/A       1%          2
 Sublimation of Blood     Necr           71%        N/A       1%          2
 Wereblood                Tmut           76%        N/A       1%          2
 Confusing Touch          Hex            70%        N/A       1%          3
 Inner Flame              Hex/Fire       53%        N/A       1%          3
 Portal Projectile        Hex/Tloc       100%       N/A       1%          3
 Stone Arrow              Conj/Erth      100%       3d13      1%          3
 Vampiric Draining        Necr           71%        2d11      1%          3
 Animate Armour           Summ/Erth      100%       N/A       1%          4
 Animate Dead             Necr           71%        N/A       1%          4
 Cause Fear               Hex            35%        N/A       1%          4
 Ice Form                 Ice/Tmut       56%        N/A       1%          4
 Leda's Liquefaction      Hex/Erth       39%        N/A       1%          4
 Manifold Assault         Tloc           88%        N/A       1%          4
 Lee's Rapid Deconstruct  Erth           43%        3d21*     1%          5
 Static Discharge         Conj/Air       48%        2-4/arc   2%          2
 Summon Forest            Summ/Tloc      32%        N/A       2%          5
 Call Imp                 Summ           44%        N/A       3%          2
 Frozen Ramparts          Ice            50%        1d8       4%          3
 Ozocubu's Armour         Ice            25%        N/A       4%          3
 Hailstorm                Conj/Ice       24%        3d7       5%          3
 Death Channel            Necr           35%        N/A       5%          6
 Metabolic Englaciation   Hex/Ice        26%        N/A       7%          5
 Airstrike                Air            12%        2d(2-18)  17%         4
 Summon Ice Beast         Ice/Summ       23%        N/A       19%         4
 Summon Lightning Spire   Summ/Air       23%        N/A       19%         4
 Simulacrum               Ice/Necr       26%        N/A       36%         6
 Freezing Cloud           Conj/Ice/Air   12%        6-21      43%         5
 Lehudib's Crystal Spear  Conj/Erth      31%        10d8      99%         8
 Summon Hydra             Summ           11%        N/A       100%        7


Dungeon Overview and Level Annotations

Branches:
Dungeon (11/15) Zot: 22851  Temple (1/1) D:4 Zot: 5986    Lair (5/5) D:11 Zot: 24489
 Shoals (4/4) Lair:3 Zot: 19665  Spider (2/4) Lair:3 Zot: 10244   Slime (0/5) Lair:5
    Orc (2/2) D:9 Zot: 9476     Elf (0/3) Orc:2        Bailey (visited)
Gauntlet (visited)

Altars:
Ashenzari
Cheibriados
Dithmenos
Elyvilon
Fedhas
Gozag
Hepliaklqana
Kikubaaqudgha
Makhleb
Nemelex Xobeh
Okawaru
Qazlal
Ru
Sif Muna
Trog
Uskayaw
Vehumet
Wu Jian
Xom
Yredelemnul
Zin
The Shining One
Jiyva

Shops:
D:2 :   D:4 *(:((   D:6 =   D:7 *(   Orc:2 ?::?

Annotations:
D:5 2 transporters, elongatedgoose's ghost, amateur SpEE
D:8 2 transporters, exclusion: ice statue, HHeCNeOSiFe's ghost, novice GrFi
Lair:5 1 runed translucent door, SirDiesAlot's ghost, journeyman TeAE


Innate Abilities, Weirdness & Mutations

You are very small and have problems with some larger weapons.
You are too small for most types of armour.
You have supernaturally acute eyesight. (SInv)
You cover ground extremely quickly. (Speed+++)


Message History

You fly downwards.
Found four items.
There is a stone staircase leading up here.
Casting: Ignite Poison (safe; 1% risk of failure)
Confirm with . or Enter, or press ? or * to list all spells.
You begin to radiate toxic energy.
The alligator snapping turtle is poisoned.
The wind drake hisses angrily.
The wind drake is poisoned.
The alligator snapping turtle looks even sicker.
Casting: Olgreb's Toxic Radiance (safe; 1% risk of failure)
Confirm with . or Enter, or press ? or * to list all spells.
Your toxic radiance grows in intensity.
The wind drake looks even sicker.
The wind drake flaps its wings at you. The air twists around and strikes you!!
A merfolk impaler comes into view. It is wielding a +3 vampiric trident.
Casting: Olgreb's Toxic Radiance (safe; 1% risk of failure)
Confirm with . or Enter, or press ? or * to list all spells.
You ignite the poison in your surroundings!
The alligator snapping turtle seems to burn from within!!
The alligator snapping turtle is moderately wounded.
The wind drake seems to burn from within!!
The wind drake is heavily wounded.
The merfolk impaler shouts!
The alligator snapping turtle is poisoned.
The wind drake is poisoned.
The merfolk impaler is poisoned.
The wind drake flaps its wings at you. The air twists around and strikes you!!
A snapping turtle comes into view.
The wind drake flaps its wings at you. The air twists around and strikes you!!
* * * LOW HITPOINT WARNING * * *
Blink to where?
Press: ? - help, Dir - move target An alligator snapping turtle comes into view.
As you read the scroll of blinking, it crumbles to dust.
The alligator snapping turtle hisses angrily.
The alligator snapping turtle is poisoned.
The alligator snapping turtle bites you from afar!!!
You die...

~~~ ~~ ~ ....~~~~~~~...?
, ~
~~~~..........~§~~~~~..
~~
~~.............~~~~~~~~~
~~
~~~.............~~~~~~~
~ ~
~~...........~!~~~~~~≈~~
~
~~.........~##.##m~~~≈~~
~ ~~...t...~## ###*t~≈≈≈
~ ~~ ~~~~~.......#{ ~
~~≈≈ ~ ~~ ~~~~~....@#
~~{ ~~*~~~≈ ~~ ~
~≈~~~..~~~# ~ , ~~~ ~ ~
≈~~~~~~~##~~ ~ * ~~ ~ ~~
~≈≈≈≈≈≈≈~# ~ ~* ~ ~~~ ~
≈≈≈≈≈≈≈~# ~ ~~~~ ~~ ~
≈≈≈≈≈≈≈~# *~~ * * ~ ~
~~≈≈≈≈≈≈≈~~~** *~ ~~ ~ ~
≈≈≈≈≈≈~~~ ~ ~ ~~ , ~ ~ ~
~ ~~ ~~~ ~ , ,


You could see an alligator snapping turtle (poisoned).

Vanquished Creatures
  A kraken (Shoals:1)
  A minotaur (Gauntlet)
  Snorg (Lair:5)
  A merfolk javelineer (Shoals:1)
  2 merfolk impalers (Shoals:2)
  Josephine (Spider:1)
  3 catoblepae
  A hydra (Lair:4)
  2 centaur warriors
  2 merfolk aquamancers (Shoals:4)
  3 two-headed ogres
  6 boulder beetles
  A tengu warrior (D:11)
  A satyr (Shoals:2)
  3 death yaks
  A skeletal warrior (D:11)
  A pharaoh ant (Spider:1)
  A sun moth (Spider:1)
  2 skysharks
  Nergalle (D:11)
  An orb spider (Spider:1)
  4 sea snakes
  4 orc knights
  A lindwurm (Lair:3)
  6 harpies (Shoals:1)
  Pikel (D:4)
  7 fauns
  3 ugly things (D:11)
  9 orc sorcerers
  5 wolf spiders (Spider:1)
  12 manticores
  A moth of wrath (Spider:1)
  4 cyclopes
  7 merfolk sirens
  5 water nymphs
  2 black mambas
  An unseen horror (D:11)
  5 torpor snails
  6 demonic crawlers (Spider:1)
  2 gargoyles
  Maggie (Lair:2)
  A minotaur zombie (Gauntlet)
  9 cane toads
  A yaktaur (D:11)
  3 rime drakes
  2 kobold demonologists (D:11)
  6 komodo dragons
  7 trolls
  15 merfolk
  3 polar bears (Lair:5)
  2 wind drakes
  A queen bee (Gauntlet)
  3 tarantellas (Spider:1)
  20 blink frogs
  6 hornets (Lair:5)
  2 large abominations (Gauntlet)
  9 dream sheep
  A raiju (Gauntlet)
  4 snapping turtles
  5 jumping spiders (Spider:1)
  10 culicivoras
  6 wyverns
  3 vampires (D:11)
  11 spriggans (Lair:5)
  8 water elementals
  6 wraiths
  37 yaks
  9 basilisks
  3 steam dragons
  6 redbacks (Spider:1)
  Eustachio (D:5)
  8 wargs
  Edmund (D:4)
  2 acid dragons
  15 water moccasins
  Duvessa (D:5)
  2 ice beasts
  30 orc warriors
  9 black bears
  8 ogres
  31 wolves
  4 boggarts (Lair:5)
  3 centaurs
  2 lemures
  A phantom (D:4)
  Blork the orc (D:6)
  4 kobold brigands
  13 bullfrogs
  A scorpion (D:11)
  5 wights
  4 small abominations (Gauntlet)
  Dowan (D:5)
  7 killer bees
  4 electric eels
  2 hounds
  19 orc priests
  Crazy Yiuf (D:3)
  A gnoll bouda (D:8)
  A jelly (D:3)
  A sleepcap (D:4)
  4 hell rats (Lair:3)
  5 iguanas
  44 orc wizards
  Robin (D:3)
  3 gnolls (Orc:2)
  8 adders
  A worm (D:3)
  127 orcs
  4 bats
  4 endoplasms
  2 giant cockroaches
  20 goblins
  11 hobgoblins
  2 jackals (D:5)
  23 kobolds
  2 quokkas
  4 ball pythons
  3 frilled lizards
  3 rats
  A plant (Spider:1)
776 creatures vanquished.

Vanquished Creatures (collateral kills)
  An orb spider (Spider:1)
  A harpy (Shoals:1)
  2 fauns
  2 merfolk sirens
  3 demonic crawlers (Spider:1)
  A merfolk (Shoals:2)
10 creatures vanquished.

Vanquished Creatures (others)
  A merfolk aquamancer (Shoals:4)
  A harpy (Shoals:1)
  2 fauns (Shoals:2)
  2 demonic crawlers (Spider:1)
  A merfolk (Shoals:2)
  2 dream sheep
  25 fungi
  128 plants
  12 tentacles (Shoals:1)
  A withered plant (Shoals:1)
175 creatures vanquished.

Grand Total: 961 creatures vanquished

Notes
Turn   | Place    | Note
-------+----------+-------------------------------------------
     0 | D:1      | Zeldest the Spriggan Hexslinger began the quest for the
                  | Orb.
     0 | D:1      | Reached XP level 1. HP: 9/9 MP: 3/3
   113 | D:1      | Reached XP level 2. HP: 14/14 MP: 5/5
   710 | D:2      | Found Yrghocog's Vocational Training.
   730 | D:2      | Reached XP level 3. HP: 17/17 MP: 6/6
   817 | D:2      | Noticed a black bear
   856 | D:2      | Killed a black bear
   857 | D:2      | Reached XP level 4. HP: 21/21 MP: 7/7
  1072 | D:3      | Found a runed translucent door.
  1073 | D:3      | Noticed Crazy Yiuf
  1132 | D:3      | Reached skill level 5 in Hexes
  1132 | D:3      | Reached XP level 5. HP: 7/25 MP: 6/8
  1133 | D:3      | Reached skill level 1 in Stealth
  1137 | D:3      | Identified the +0 helmet "Neemeden" {MP+9 Int+6 Dex-4
                  | Stlth+}
  1137 | D:3      | Noticed Robin
  1265 | D:3      | Killed Robin
  1574 | D:3      | Found a shimmering altar of Xom.
  2085 | D:3      | Killed Crazy Yiuf
  2086 | D:3      | Reached skill level 1 in Short Blades
  2156 | D:4      | Found Ripsaod's Assorted Antiques.
  2176 | D:4      | Reached XP level 6. HP: 23/29 MP: 7/9
  2275 | D:4      | Reached skill level 1 in Evocations
  2491 | D:4      | Found a staircase to the Ecumenical Temple.
  2513 | Temple   | Entered the Ecumenical Temple
  2526 | Temple   | Became a worshipper of Ashenzari the Shackled
  2589 | D:4      | Found Kuanweku's Antique Weapon Shop.
  2711 | D:4      | Found Lutzubla's Antique Weapon Boutique.
  2746 | D:4      | Found Tiygubeet's Weapon Emporium.
  2796 | D:4      | Found Nexap's Book Emporium.
  2828 | D:4      | Reached XP level 7. HP: 22/32 MP: 10/10
  3057 | D:5      | Entered Level 5 of the Dungeon
  3102 | D:5      | Noticed Eustachio
  3109 | D:5      | Killed Eustachio
  3140 | D:5      | Found a transporter.
  3144 | D:5      | Found a transporter.
  3144 | D:5      | Noticed elongatedgoose's ghost (amateur SpEE)
  3205 | D:5      | Reached skill level 5 in Stealth
  3207 | D:5      | Noticed Pikel
  3529 | D:5      | Reached skill level 1 in Fighting
  3792 | D:4      | Killed Pikel
  3793 | D:4      | Reached XP level 8. HP: 28/39 MP: 11/11
  3879 | D:5      | Noticed Edmund
  3879 | D:5      | Noticed Duvessa
  3882 | D:5      | Noticed Dowan
  3953 | D:4      | Killed Edmund
  3954 | D:4      | Reached skill level 5 in Short Blades
  4064 | D:5      | Killed Duvessa
  4132 | D:5      | Killed Dowan
  4431 | D:5      | Reached * piety under Ashenzari
  4431 | D:5      | Identified a scroll of acquirement
  4778 | D:5      | Acquired 870 gold pieces
  4833 | D:4      | Bought a book of Unlife for 396 gold pieces
  4833 | D:4      | Bought a Young Poisoner's Handbook for 220 gold pieces
  4833 | D:4      | Bought a book of the Warp for 462 gold pieces
  4918 | D:6      | Found Deadab's Jewellery Emporium.
  5015 | D:6      | Noticed Blork the orc
  5033 | D:6      | Killed Blork the orc
  5474 | D:7      | Found Qafukeerr's General Store.
  5635 | D:6      | Reached XP level 9. HP: 45/45 MP: 10/12
  6417 | D:7      | Reached skill level 1 in Earth Magic
  6418 | D:7      | Found Fiteun's Antique Weapon Boutique.
  6511 | D:7      | Reached ** piety under Ashenzari
  6809 | D:7      | Found a shimmering blue altar of Sif Muna.
  6841 | D:7      | Found a basalt altar of Yredelemnul.
  7112 | D:8      | Reached skill level 1 in Poison Magic
  7380 | D:8      | Learned a level 2 spell: Poisonous Vapours
  7622 | D:8      | Identified the +3 war axe of Kysul {flame, rCorr SInv}
  7902 | D:8      | Found a glowing silver altar of Zin.
  7950 | D:8      | Identified the Elucidation of Frozen Conjury
  7959 | D:8      | Noticed HHeCNeOSiFe's ghost (novice GrFi)
  7968 | D:8      | Found a transporter.
  7971 | D:8      | Noticed an unseen horror
  7972 | D:8      | Noticed an ice statue
  7989 | D:8      | Reached *** piety under Ashenzari
  7990 | D:8      | Found a transporter.
  8219 | D:8      | Found a sacrificial altar of Ru.
  8545 | D:8      | Learned a level 4 spell: Olgreb's Toxic Radiance
  8698 | D:9      | Reached XP level 10. HP: 51/51 MP: 2/14
  8830 | D:9      | Found a staircase to the Orcish Mines.
  8880 | D:9      | Reached skill level 5 in Poison Magic
  8948 | D:9      | Learned a level 4 spell: Cause Fear
  8950 | D:9      | Found a flagged portal.
  9012 | Bailey   | Entered a bailey
  9105 | Bailey   | Reached skill level 5 in Earth Magic
  9350 | Bailey   | Noticed an orc knight
  9381 | Bailey   | Killed an orc knight
  9741 | D:9      | Reached XP level 11. HP: 55/55 MP: 15/15
  9742 | D:9      | Reached skill level 5 in Necromancy
  9742 | D:9      | Reached XP level 12. HP: 60/60 MP: 16/16
  9749 | D:9      | Noticed a boulder beetle
  9759 | D:9      | Killed a boulder beetle
  9892 | D:9      | Found a hide-covered altar of Uskayaw.
  9894 | D:9      | Found a shadowy altar of Dithmenos.
  9895 | D:9      | Found a snail-covered altar of Cheibriados.
  9896 | D:9      | Found a radiant altar of Vehumet.
  9897 | D:9      | Found an opulent altar of Gozag.
  9897 | D:9      | Found a burning altar of Makhleb.
  9898 | D:9      | Found a stormy altar of Qazlal.
  9899 | D:9      | Found a blossoming altar of Fedhas.
  9899 | D:9      | Found an ornate altar of the Wu Jian Council.
  9900 | D:9      | Found a sparkling altar of Nemelex Xobeh.
 10388 | D:10     | Entered Level 10 of the Dungeon
 10639 | D:10     | Noticed a two-headed ogre
 10748 | D:10     | Found a hazy altar of Hepliaklqana.
 11150 | D:11     | Noticed Nergalle
 11585 | Orc:1    | Entered Level 1 of the Orcish Mines
 12067 | Orc:2    | Entered Level 2 of the Orcish Mines
 12187 | Orc:2    | Learned a level 5 spell: Borgnjor's Vile Clutch
 12272 | Orc:2    | Found a staircase to the Elven Halls.
 12752 | Orc:2    | Reached XP level 13. HP: 55/64 MP: 10/21
 12827 | Orc:2    | Found Lyffebi's Magic Scroll Emporium.
 12827 | Orc:2    | Found Woesch's Book Shop.
 13085 | Orc:2    | Found Atud's Book Emporium.
 13085 | Orc:2    | Found Hoch's Magic Scroll Shop.
 13099 | Orc:2    | Reached skill level 10 in Earth Magic
 13989 | Orc:2    | Bought a Fen Folio for 546 gold pieces
 14502 | Orc:2    | Reached skill level 1 in Transmutations
 14952 | Orc:2    | Learned a level 6 spell: Eringya's Noxious Bog
 15201 | D:11     | Found a hazy altar of Hepliaklqana.
 15216 | D:11     | Killed Nergalle
 15780 | D:11     | Reached skill level 5 in Spellcasting
 16236 | D:11     | Identified the staff of conjuration "Bod Rotwala" {rPois
                  | Dex+2}
 16264 | D:11     | Reached skill level 5 in Transmutations
 17359 | D:4      | Bought a book of Minor Magic for 198 gold pieces
 17363 | D:4      | Learned a level 3 spell: Mephitic Cloud
 17560 | Orc:2    | Bought a Trismegistus Codex for 338 gold pieces
 17886 | D:11     | Identified the ring of Wishful Thinking {Fly rF+ Int+3
                  | Slay+4}
 18048 | D:11     | Found a staircase to the Lair.
 19238 | Lair:1   | Entered Level 1 of the Lair of Beasts
 19360 | Lair:1   | Reached XP level 14. HP: 68/68 MP: 28/28
 19654 | Lair:1   | Found a gate leading to a gauntlet.
 19675 | Gauntlet | Entered a Gauntlet
 19675 | Gauntlet | Found a transporter.
 19675 | Gauntlet | Found a transporter.
 19675 | Gauntlet | Found a transporter.
 19796 | Gauntlet | Found a transporter.
 19796 | Gauntlet | Found a transporter.
 19796 | Gauntlet | Found a transporter.
 19798 | Gauntlet | Found a large runed translucent door.
 19799 | Gauntlet | Found a large runed translucent door.
 19800 | Gauntlet | Found a large runed translucent door.
 19800 | Gauntlet | Found a large runed translucent door.
 19800 | Gauntlet | Found a runed translucent door.
 19800 | Gauntlet | Found a runed translucent door.
 19801 | Gauntlet | Found a large runed translucent door.
 19802 | Gauntlet | Found a large runed translucent door.
 19803 | Gauntlet | Found a large runed translucent door.
 19803 | Gauntlet | Found a large runed translucent door.
 19804 | Gauntlet | Found a runed translucent gate.
 19804 | Gauntlet | Found a runed translucent gate.
 19804 | Gauntlet | Found a runed translucent gate.
 19806 | Gauntlet | Found a transporter.
 19810 | Gauntlet | Found a transporter.
 19820 | Gauntlet | Found a transporter.
 19820 | Gauntlet | Found a transporter.
 19846 | Gauntlet | Found a transporter.
 19848 | Gauntlet | Found a transporter.
 19912 | Gauntlet | Found a large runed translucent door.
 19913 | Gauntlet | Found a large runed translucent door.
 19914 | Gauntlet | Found a large runed translucent door.
 19914 | Gauntlet | Found a large runed translucent door.
 19915 | Gauntlet | Found a large runed translucent door.
 19916 | Gauntlet | Found a large runed translucent door.
 19917 | Gauntlet | Found a large runed translucent door.
 19917 | Gauntlet | Found a large runed translucent door.
 19934 | Gauntlet | Identified the staff of fire "Gufiqo" {rF+ rN++ Int+4}
 20231 | Gauntlet | Learned a level 6 spell: Statue Form
 20302 | Gauntlet | Identified the cursed +2 robe of Desmomancy {rC+ rF+, Alch,
                  | Melee} (You took it off an orc sorcerer on level 2 of the
                  | Orcish Mines)
 21538 | Lair:2   | Noticed Maggie
 21545 | Lair:2   | Killed Maggie
 21624 | Lair:2   | Reached **** piety under Ashenzari
 22225 | Lair:3   | Found a staircase to the Shoals.
 22713 | Lair:3   | Found a hole to the Spider Nest.
 24162 | Lair:4   | Found the +10 morningstar "Eos" {elec, Halo rElec}
 25007 | Lair:4   | Reached skill level 10 in Stealth
 25245 | Lair:5   | Entered Level 5 of the Lair of Beasts
 25306 | Lair:5   | Reached skill level 5 in Evocations
 25379 | Lair:5   | Reached skill level 10 in Dodging
 25379 | Lair:5   | Found a viscous altar of Jiyva.
 25379 | Lair:5   | Found a staircase to the Slime Pits.
 25554 | Lair:5   | Noticed Snorg
 25564 | Lair:5   | Killed Snorg
 25846 | Lair:5   | Found a runed translucent door.
 25846 | Lair:5   | Noticed SirDiesAlot's ghost (journeyman TeAE)
 25851 | Lair:5   | Reached XP level 15. HP: 73/73 MP: 31/31
 26521 | Lair:5   | Reached skill level 10 in Necromancy
 27351 | Spider:1 | Entered Level 1 of the Spider Nest
 27420 | Spider:1 | Reached skill level 1 in Translocations
 27554 | Spider:1 | Noticed Josephine
 27572 | Spider:1 | Killed Josephine
 28483 | Spider:1 | Reached skill level 5 in Translocations
 28839 | Spider:1 | Learned a level 6 spell: Dispersal
 29337 | Shoals:1 | Entered Level 1 of the Shoals
 29808 | Shoals:1 | Noticed a kraken
 29845 | Shoals:1 | Killed a kraken
 29846 | Shoals:1 | Reached skill level 10 in Spellcasting
 30556 | Shoals:1 | Reached skill level 10 in Translocations
 31002 | Shoals:1 | Reached ***** piety under Ashenzari
 31995 | Shoals:2 | Reached XP level 16. HP: 79/79 MP: 21/34
 33381 | Shoals:1 | Learned a level 3 spell: Ignite Poison
 34304 | Shoals:3 | Learned a level 8 spell: Disjunction
 34494 | Shoals:4 | Entered Level 4 of the Shoals
 34747 | Shoals:4 | Annihilated by an alligator snapping turtle

Illustrated notes

Levels and vault maps discovered:
D:1:      dpeg_arrival_pits, layout_loops_cross, minivault_4,
          nicolae_concentric_dashed_squares_mild, minmay_crystal_room,
          minmay_misc_feat_more_columns, amcnicky_mini_corridor_feature
D:2:      layout_rooms, nicolae_shop_vocational
D:3:      layout_basic, mainiacjoe_overflow_boulevard, serial_rivers,
          chequers_serial_rivers_small_3, chequers_serial_rivers_large_a,
          chequers_serial_rivers_small_b, chequers_serial_rivers_small_3,
          chequers_serial_rivers_micro_c, uniq_robin, uniq_crazy_yiuf_cottage
D:4:      layout_cave_pools, minmay_temple_entry_enclosed_plants, serial_shops,
          nicolae_shop_crystal, shop, nicolae_diamond_shop, shop,
          nicolae_shop_behind_doors
D:5:      layout_layer_cave, gammafunk_ghost_arena, uniq_edmund, uniq_eustachio,
          uniq_duvessa, uniq_pikel
D:6:      layout_basic, serial_shops, shop_statue, uniq_blork_the_orc
D:7:      layout_rooms, mainiacjoe_overflow_catch_the_wave, serial_shops,
          shop_fountains, nicolae_take_the_stairs, minivault_11,
          nrook_loot_triangle
D:8:      layout_rooms, lemuel_tele_altar, overflow_temple_1_default,
          nzn_ghost_randoct, corexii_checkpoint_a, dreamdust_gnoll_shepherd
D:9:      layout_rooms, nicolae_overflows_in_rows,
          minmay_orc_entry_temple_small, enter_bailey_3, minmay_fountain_box,
          mrwooster_statue_mirror
D:10:     layout_basic, kennysheep_mini
D:11:     hangedman_cross_cluster, layout_gridville, minmay_lair_entry_grove,
          nicolae_hepliaklqana_hazy_memory, uniq_nergalle
Temple:   hellmonk_temple_micro_hex
Lair:1:   layout_cave_pods, gauntlet_entry_generic
Lair:2:   layout_roguey, uniq_maggie
Lair:3:   layout_small_grid, elwin_shoals_entry_rocks,
          hellmonk_spider_entry_life_and_decay, serial_bayou_shore_a
Lair:4:   layout_layer_cave, nicolae_lair_yak_garden
Lair:5:   minmay_lair_end_enchanted_forest, layout_layer_cave, slime_entry_1,
          hellmonk_ghost_happy_afterlife, uniq_snorg
Shoals:1: layout_shoals, nicolae_shoals_circle_sea_wall, argonaut_gorgonesque
Shoals:2: layout_shoals
Shoals:3: layout_shoals
Shoals:4: shoals_end_grunt_ice, layout_shoals, nicolae_shoals_aquamancer_cove
Spider:1: layout_spider_delve, worms_lemuel, uniq_josephine
Spider:2: layout_spider_delve
Orc:1:    layout_caves, basic_altar
Orc:2:    st_orc_town, layout_caves

Skill      XL: |  1  2  3  4  5  6  7  8  9 10 11 12 13 14 15 16 |
---------------+-------------------------------------------------+-----
Dodging        | 3 4 8 10 12 13 | 13.2
Hexes          | 4 5 6 7 |  7.5
Ranged Weapons | 3 |  3.6
Stealth        | 3 4 6 8 10 | 10.2
Short Blades   | 1 2 4 7 11 12 | 12.5
Evocations     | 2 3 4 6 8 |  8.1
Fighting       | 2 3 4 |  4.1
Earth Magic    | 4 6 8 9 10 11 | 11.4
Poison Magic   | 4 6 9 |  9.1
Necromancy     | 5 6 7 9 10 | 10.0
Spellcasting   | 3 7 8 10 | 10.1
Transmutations | 7 |  7.4
Translocations | 11 13 | 13.9

Action                     |  1- 3 |  4- 6 |  7- 9 | 10-12 | 13-15 | 16-18 || total
---------------------------+-------+-------+-------+-------+-------+-------++-------
  Melee: Dagger            |       |    31 |   427 |    10 |       |       ||   468
         Punch             |       |       |     6 |       |     9 |       ||    15
         Rapier            |       |       |       |   103 |   618 |    75 ||   796
   Fire: Sling             |    80 |   193 |       |       |       |       ||   273
   Cast: Slow              |     1 |    14 |    29 |       |     1 |       ||    45
         Poisonous Vapours |       |       |     9 |     1 |    46 |       ||    56
         Olgreb's Toxic Ra |       |       |     6 |    79 |   138 |    38 ||   261
         Borgnjor's Vile C |       |       |       |       |   162 |    22 ||   184
         Eringya's Noxious |       |       |       |       |    45 |     2 ||    47
         Mephitic Cloud    |       |       |       |       |    16 |     3 ||    19
         Cause Fear        |       |       |       |       |     3 |     1 ||     4
         Statue Form       |       |       |       |       |     7 |     1 ||     8
         Dispersal         |       |       |       |       |     3 |     4 ||     7
         Ignite Poison     |       |       |       |       |       |    13 ||    13
 Invoke: Curse Item        |       |       |     4 |     1 |     3 |     1 ||     9
         Shatter the Chain |       |       |       |     1 |     1 |       ||     2
Ability: Evoke Invisibilit |       |       |     2 |       |       |       ||     2
         End Transformatio |       |       |       |       |     1 |       ||     1
  Evoke: Wand              |       |       |     4 |       |    12 |       ||    16
         Tin of tremorston |       |       |       |       |     2 |       ||     2
    Use: Scroll            |       |       |     5 |     5 |     6 |     4 ||    20
         Potion            |       |       |     4 |     2 |     8 |     2 ||    16
   Stab: Sleeping          |       |     1 |     5 |     1 |    20 |     4 ||    31
         Distracted        |       |       |     3 |       |     4 |       ||     7
         Invisible         |       |       |     3 |       |       |       ||     3
         Confused          |       |       |       |       |     2 |     1 ||     3
 Armour: Robe              |     1 |     4 |    15 |     1 |    23 |     4 ||    48
         Skin              |       |       |       |       |    29 |       ||    29
  Dodge: Dodged            |    14 |    79 |   243 |    60 |   430 |    73 ||   899

Table legend: (Time is in decaauts)
 A = Elapsed time spent in this place.
 B = Non-inter-level travel time spent in this place.
 C = Inter-level travel time spent in this place.
 D = Time resting spent in this place.
 E = Time spent auto-exploring this place.
 F = Levels seen in this place.
 G = Mean time per level.
                   A        B        C        D        E       F      G
               +--------+--------+--------+--------+--------+-----+--------+
         Total |  27245 |  26135 |   1110 |  13264 |   6666 |  27 | 1009.1 |
       Dungeon |  11812 |  11075 |    737 |   5109 |   3029 |  11 | 1073.8 |
        Temple |     13 |      8 |      5 |      0 |      0 |   1 |   13.0 |
          Lair |   5510 |   5384 |    126 |   2256 |   2196 |   5 | 1102.0 |
        Shoals |   4333 |   4234 |     99 |   2559 |    654 |   4 | 1083.2 |
   Spider Nest |   1755 |   1742 |     13 |   1062 |    225 |   2 |  877.5 |
  Orcish Mines |   2523 |   2395 |    128 |   1440 |    452 |   2 | 1261.5 |
        Bailey |    633 |    633 |      0 |    420 |     31 |   1 |  633.0 |
      Gauntlet |    663 |    663 |      0 |    416 |     78 |   1 |  663.0 |
               +--------+--------+--------+--------+--------+-----+--------+

Top non-repeatable levels by time:
    D:11: 2651 daAuts
Shoals:2: 1800 daAuts
Spider:1: 1751 daAuts
Shoals:1: 1636 daAuts
  Lair:5: 1517 daAuts
  Lair:3: 1343 daAuts
   Orc:2: 1342 daAuts
    D:10: 1335 daAuts
     D:7: 1279 daAuts
     D:9: 1224 daAuts
     D:5: 1200 daAuts
   Orc:1: 1180 daAuts
  Lair:4: 1094 daAuts
     D:8: 933 daAuts
     D:4: 883 daAuts
